AoeStats
← Der Sprudel

Arabia

508630920Analyzed
1v1 RM · 8d ago on Sep 23, 2026· 50m 12s· 2 players
Game mode
Random Map
Map size
Tiny (2 player)
Population
200
Speed
Normal
Resources
Standard
Victory
Conquest
Starting age
Dark Age
Ending age
Imperial Age
RankedLock teamsTeams togetherTeam positionsShared explorationLock speedFull tech treeHidden civsTurbo modeCheats
Victory
Defeat
🇨🇳 Byzantines · China
1254
+16
🇩🇪 Varangians · Germany
1254
-16
Der Sprudel
6:38 Loom
9:31 Feudal Age
9:38 Man-at-Arms
12:27 Double-Bit Axe
13:50 Horse Collar
16:16 Bloodlines
19:10 Forging
21:35 Scale Barding Armor
22:47 Gold Mining
25:06 Castle Age
24:14 Scale Mail Armor
24:26 Arson
24:37 Gold Mining
26:49 Chain Mail Armor
26:56 Bow Saw
29:31 Town Watch
32:01 Wheelbarrow
34:25 Hand Cart
37:00 Imperial Age
35:19 Stone Mining
35:37 Gambesons
35:53 Squires
35:38 Elite Skirmisher
36:10 Fletching
37:19 Heavy Plow
37:35 Bodkin Arrow
38:06 Ballistics
38:53 Bracer
40:17 Plate Mail Armor
40:59 Padded Archer Armor
42:51 Two-Man Saw
43:47 Leather Archer Armor
48:26 Iron Casting
48:21 Ring Archer Armor
50:42 Conscription
49:48 Gothikon
ruling-dg
6:53 Loom
9:31 Feudal Age
10:57 Double-Bit Axe
22:26 Castle Age
24:38 Fletching
24:52 Horse Collar
24:50 Crossbowman
29:03 Bow Saw
28:54 Heavy Plow
35:28 Imperial Age
34:15 Wheelbarrow
34:07 Bodkin Arrow
34:23 Gold Mining
35:32 Scale Barding Armor
36:30 Forging
36:22 Scale Mail Armor
37:35 Chemistry
37:16 Elite Skirmisher
37:59 Padded Archer Armor
38:32 Ballistics
38:17 Bracer
39:42 Chain Mail Armor
39:29 Squires
45:00 Logistica
44:54 Elite Varangian Guard
45:20 Arson
46:37 Iron Casting
47:41 Plate Mail Armor
48:25 Two-Man Saw
48:28 Conscription
Connection lost

Rejoining the realm…

Still unreachable

The connection could not be restored.

Session expired

The server has moved on; the page needs a fresh start.